AoeStats
← Boost'Hate John

Hideout

503597214Analyzed
4v4 RM · 1mo ago on Sep 1, 2026· 37m 24s· 8 players
Game mode
Random Map
Map size
Large (8 player)
Population
200
Speed
Normal
Resources
Standard
Victory
Conquest
Starting age
Dark Age
Ending age
Imperial Age
RankedLock teamsTeams togetherTeam positionsShared explorationLock speedFull tech treeHidden civsTurbo modeCheats
Victory
Defeat
🇫🇷 Britons · France
1885
+12
🇫🇷 Poles · France
1775
+17
🇫🇷 Tupi · France
1715
+20
🇫🇷 Japanese · France
1667
+22
🇨🇳 Maya · China
1867
-21
🇦🇷 Persians · Argentina
1864
-21
🇨🇳 Britons · China
1772
-17
🇭🇰 Ethiopians · Hong Kong SAR China
1700
-13
kitchiro
5:41 Loom
8:59 Feudal Age
8:06 Loom
9:04 Man-at-Arms
9:51 Double-Bit Axe
11:42 Horse Collar
18:57 Castle Age
19:51 Bow Saw
20:11 Heavy Plow
24:40 Wheelbarrow
24:35 Stone Mining
25:15 Gold Mining
31:47 Imperial Age
29:20 Guard Tower
29:37 Squires
29:46 Arson
30:03 Scale Mail Armor
30:33 Hand Cart
30:44 Ballistics
30:06 Treadmill Crane
31:00 Yasama
30:53 Fletching
30:57 Pikeman
31:51 Bodkin Arrow
33:55 Two-Man Saw
33:09 Bracer
32:58 Halberdier
34:16 Chain Mail Armor
35:53 Arrowslits
38:20 Plate Mail Armor
38:32 Keep
Beauvéro
10:30 Feudal Age
10:30 Loom
14:39 Castle Age
13:20 Double-Bit Axe
15:26 Horse Collar
16:03 Bow Saw
15:49 Gold Mining
17:31 Fletching
18:47 Bodkin Arrow
20:58 Wheelbarrow
22:19 Padded Archer Armor
23:17 Leather Archer Armor
25:18 Stone Mining
27:02 Ballistics
33:00 Imperial Age
31:14 Heavy Plow
33:55 Gold Shaft Mining
33:04 Elite Blackwood Archer
34:01 Curare
34:23 Bracer
35:50 Chemistry
36:05 Ring Archer Armor
35:48 Treadmill Crane
37:14 Two-Man Saw
36:35 Hand Cart
Boost'Hate John
6:21 Loom
8:33 Feudal Age
9:04 Double-Bit Axe
11:58 Fletching
14:55 Horse Collar
21:04 Castle Age
19:32 Gold Mining
19:44 Padded Archer Armor
21:05 Crossbowman
22:12 Bodkin Arrow
22:50 Bow Saw
23:17 Ballistics
27:22 Leather Archer Armor
33:47 Imperial Age
33:54 Gold Shaft Mining
34:21 Wheelbarrow
33:49 Arbalester
34:33 Bracer
36:44 Chemistry
37:05 Conscription
37:09 Yeomen
38:25 Ring Archer Armor
scorpion145
10:56 Feudal Age
11:39 Horse Collar
14:32 Castle Age
12:35 Double-Bit Axe
15:20 Heavy Plow
15:31 Bow Saw
18:49 Wheelbarrow
18:39 Gold Mining
22:26 Bloodlines
22:42 Scale Barding Armor
22:58 Husbandry
23:15 Szlachta Privileges
23:34 Forging
23:48 Chain Barding Armor
24:50 Loom
25:22 Forging
26:38 Iron Casting
27:54 Hand Cart
27:50 Stone Mining
32:46 Imperial Age
33:09 Town Watch
32:51 Cavalier
34:33 Blast Furnace
33:55 Conscription
37:54 Crop Rotation
38:04 Stone Shaft Mining
qeozouwajqnl
10:23 Feudal Age
8:54 Loom
14:07 Castle Age
12:49 Double-Bit Axe
12:45 Horse Collar
15:22 Bow Saw
23:58 Gold Mining
25:04 Wheelbarrow
25:02 Heavy Plow
25:20 Town Watch
26:51 Hand Cart
27:19 Stone Mining
30:53 Imperial Age
29:05 Scale Barding Armor
29:10 Forging
29:47 Gold Shaft Mining
30:27 Chain Barding Armor
30:44 Heavy Camel Rider
31:25 Husbandry
31:35 Bloodlines
32:53 Plate Barding Armor
32:54 Conscription
37:43 Two-Man Saw
37:14 Crop Rotation
36:21 Cavalier
余江
10:14 Feudal Age
10:48 Double-Bit Axe
12:02 Town Watch
12:18 Fletching
13:59 Padded Archer Armor
14:21 Loom
20:21 Castle Age
19:38 Horse Collar
19:53 Gold Mining
20:52 Crossbowman
22:03 Bow Saw
30:50 Wheelbarrow
32:54 Imperial Age
32:55 Onager
35:51 Conscription
冥想控
0:28 Loom
9:02 Feudal Age
11:51 Double-Bit Axe
15:22 Fletching
21:15 Castle Age
19:46 Stone Mining
19:42 Horse Collar
20:22 Gold Mining
20:49 Padded Archer Armor
20:37 Town Watch
22:00 Bodkin Arrow
21:33 Crossbowman
28:52 Wheelbarrow
31:43 Bow Saw
32:45 Ballistics
34:19 Hand Cart
34:06 Heavy Plow
34:42 Stone Shaft Mining
36:11 Hand Cart
39:30 Imperial Age
saihate
10:34 Feudal Age
14:32 Castle Age
13:39 Double-Bit Axe
18:05 Loom
18:40 Fletching
20:18 Bodkin Arrow
20:52 Crossbowman
25:58 Wheelbarrow
25:08 Town Watch
26:29 Padded Archer Armor
27:09 Ballistics
32:15 Imperial Age
33:05 Bracer
34:27 Chemistry
35:17 Arbalester
35:29 Pikeman
36:09 Squires
Connection lost

Rejoining the realm…

Still unreachable

The connection could not be restored.

Session expired

The server has moved on; the page needs a fresh start.